 Dungeon Crawl Stone Soup version 0.26-a0-540-g8a0c9464d7 (webtiles) character file.

Game seed: 15177889036680753611

372680 Apogee the Brawler (level 21, 0/215 HPs)
             Began as a Troll Warper on Aug 17, 2020.
             Was the Champion of Yredelemnul.
             Killed from afar by an ancient lich (25 damage)
             ... with a bolt of cold
             ... on level 5 of the Realm of Zot.
             The game lasted 01:48:57 (48643 turns).

Apogee the Brawler (Troll Warper)                  Turns: 48643, Time: 01:48:58

Health: 0/215      AC: 35    Str: 28    XL:     21   Next: 38%
Magic:  31/31      EV: 23    Int: 13    God:    Yredelemnul [******]
Gold:   4949       SH: 21    Dex: 13    Spells: 19/22 levels left

rFire    + . .     SeeInvis +     - Unarmed
rCold    + . .     Faith    .   c - +0 tower shield
rNeg     + + .     Spirit   .   J - +8 gold dragon scales
rPois    +         Reflect  .   R - +0 hat {MR+}
rElec    .         Harm     .   w - +0 cloak
rCorr    .                      (gloves unavailable)
MR       ++...                  (boots unavailable)
Stlth    ..........             U - amulet of Qaamagos {Acrobat rN++ Dex+4}
HPRegen  0.85/turn              z - ring of see invisible
MPRegen  0.22/turn              C - +4 ring of protection

@: about to teleport, marked, acrobat, very slightly contaminated, hasted,
studying Throwing, lightly drained, invisible, very quick
A: large, unfitting armour, claws 3, regeneration 1, shaggy fur 1, tough skin 3
}: 3/15 runes: barnacled, silver, gossamer
a: Recall Undead Slaves, Injury Mirror, Animate Dead, Drain Life, Enslave Soul,
Renounce Religion


You were on level 5 of the Realm of Zot.
You worshipped Yredelemnul.
Yredelemnul was exalted by your worship.
You visited 9 branches of the dungeon, and saw 47 of its levels.
You also visited: Ossuary, Bailey and Gauntlet.

You collected 8960 gold pieces.
You spent 4011 gold pieces at shops.

Inventory:

Missiles
 a - 136 large rocks (quivered)
 d - 7 silver boomerangs
 L - 45 javelins
 Y - 10 throwing nets {!f}
Armour
 c - a +0 tower shield (worn)
   (You found it on level 2 of the Shoals)
 w - a +0 cloak (worn)
   (You took it off a draconian annihilator on level 5 of the Depths)
 J - +8 gold dragon scales (worn)
   (You found it on level 5 of the Vaults)
 R - a +0 hat of magic resistance (worn)
   (You took it off Gastronok on level 1 of the Lair of Beasts)
Jewellery
 b - an uncursed ring of magical power
   (You took it off a merfolk impaler on level 4 of the Shoals)
 h - an uncursed ring of fire {unknown}
   (You found it on level 2 of the Vaults)
 i - an uncursed ring of protection from fire
   (You took it off an efreet in a Gauntlet)
 l - a +4 ring of evasion
   (You found it on level 1 of the Dungeon)
 z - a ring of see invisible (left claw)
   (You found it on level 3 of the Spider Nest)
 C - a +4 ring of protection (right claw)
   (You found it on level 7 of the Dungeon)
 M - an uncursed ring of resist corrosion
   (You found it on level 3 of the Dungeon)
 U - the amulet of Qaamagos (around neck) {Acrobat rN++ Dex+4}
   (You bought it in a shop on level 2 of the Orcish Mines)

   [amulet of the acrobat]

   It helps you evade while moving and waiting.
   It affects your dexterity (+4).
   It greatly protects you from negative energy.
 Z - an uncursed ring of poison resistance
   (You found it on level 12 of the Dungeon)
Wands
 u - a wand of paralysis (17)
   (You found it on level 4 of the Shoals)
 v - a wand of digging (13)
   (You found it on level 1 of the Lair of Beasts)
 x - a wand of acid (23)
   (You found it on level 8 of the Dungeon)
Scrolls
 e - 13 scrolls of identify {@r1}
 f - 7 scrolls of immolation {!r}
 o - 10 scrolls of amnesia
 p - 4 scrolls of fear
 q - 5 scrolls of fog
 r - 5 scrolls of summoning
 s - 18 scrolls of remove curse {@r2}
 t - a scroll of silence
 y - a scroll of magic mapping
 B - a scroll of vulnerability {!r}
 D - 25 scrolls of teleportation {@r4}
 E - 8 scrolls of blinking
Potions
 g - 19 potions of heal wounds {@q2}
 j - 9 potions of flight
 k - 3 potions of invisibility
 n - 25 potions of curing {@q1}
 A - 2 potions of cancellation
 I - 4 potions of might
 N - 8 potions of haste {@q3}
 P - 11 potions of magic
 Q - 5 potions of brilliance
 S - 4 potions of berserk rage
 T - 5 potions of mutation {!q}
 V - a potion of resistance
 W - a potion of lignification {!q}
Books
 m - a manual of Throwing {!d}
   (You found it on level 2 of the Vaults)
Miscellaneous
 X - a phantom mirror
   (You found it on level 11 of the Dungeon)


   Skills:
 + Level 14.5(14.4) Fighting
 - Level 10.0(9.8) Throwing
 + Level 10.9(10.7) Armour
 + Level 10.9(10.8) Dodging
 - Level 15.0(14.8) Shields
 + Level 16.6(16.5) Unarmed Combat
 - Level 1.2(1.1) Spellcasting
 - Level 2.1 Translocations
 - Level 15.0(14.8) Invocations


You had 19 spell levels left.
You knew the following spells:

 Your Spells              Type           Power        Failure   Level
b - Blink                 Tloc           N/A          99%         2
c - Apportation           Tloc           #.....       98%         1

Your spell library contained the following spells:

 Spells                   Type           Power        Failure   Level
 Animate Skeleton         Necr           #.....       100%        1
 Beastly Appendage        Tmut           #.....       100%        1
 Corona                   Hex            #......      100%        1
 Foxfire                  Conj/Fire      #...         100%        1
 Freeze                   Ice            #...         100%        1
 Magic Dart               Conj           #...         100%        1
 Pain                     Necr           #...         100%        1
 Shock                    Conj/Air       #...         100%        1
 Sting                    Tmut/Pois      #...         100%        1
 Summon Small Mammal      Summ           #...         100%        1
 Call Imp                 Summ           #.......     100%        2
 Ensorcelled Hibernation  Hex/Ice        #.....       100%        2
 Slow                     Hex            #.......     100%        2
 Sublimation of Blood     Necr           #.........   100%        2
 Confusing Touch          Hex            #.......     100%        3
 Conjure Flame            Conj/Fire      #.......     100%        3
 Dazzling Flash           Conj/Hex       #.....       100%        3
 Frozen Ramparts          Ice            #.....       100%        3
 Gell's Gravitas          Tloc           #.........   100%        3
 Ignite Poison            Fire/Tmut/Pois #.......     100%        3
 Inner Flame              Hex/Fire       #.......     100%        3
 Lesser Beckoning         Tloc           #.........   100%        3
 Mephitic Cloud           Conj/Pois/Air  #.......     100%        3
 Ozocubu's Armour         Ice            #.......     100%        3
 Spider Form              Tmut/Pois      #.........   100%        3
 Teleport Other           Tloc           #.......     100%        3
 Tukima's Dance           Hex            #.......     100%        3
 Vampiric Draining        Necr           #.........   100%        3
 Animate Dead             Necr           #.........   100%        4
 Cause Fear               Hex            #.........   100%        4
 Hailstorm                Conj/Ice       #.......     100%        4
 Iskenderun's Mystic Bla  Conj/Tloc      #.......     100%        4
 Passage of Golubria      Tloc           N/A          100%        4
 Petrify                  Tmut/Erth      #.......     100%        4
 Sticky Flame             Conj/Fire      #.......     100%        4
 Summon Ice Beast         Ice/Summ       #.......     100%        4
 Agony                    Necr           #.......     100%        5
 Alistair's Intoxication  Tmut/Pois      #........    100%        5
 Blade Hands              Tmut           #.........   100%        5
 Borgnjor's Vile Clutch   Necr/Erth      #.........   100%        5
 Fireball                 Conj/Fire      #.........   100%        5
 Irradiate                Conj/Tmut      #.........   100%        5
 Lightning Bolt           Conj/Air       #.........   100%        5
 Silence                  Hex/Air        #.........   100%        5
 Summon Forest            Summ/Tloc      #.........   100%        5
 Yara's Violent Unravell  Hex/Tmut       #.........   100%        5
 Eringya's Noxious Bog    Tmut/Pois      #.........   100%        6
 Freezing Cloud           Conj/Ice/Air   #.........   100%        6
 Hydra Form               Tmut           #.........   100%        6
 Invisibility             Hex            #.......     100%        6
 Shadow Creatures         Summ           N/A          100%        6
 Starburst                Conj/Fire      #.........   100%        6
 Statue Form              Tmut/Erth      #........    100%        6
 Dragon Form              Tmut           #.........   100%        7
 Spellforged Servitor     Conj/Summ      #.........   100%        7
 Discord                  Hex            #.........   100%        8
 Ignition                 Fire           #.........   100%        8
 Dragon's Call            Summ           #.........   100%        9


Dungeon Overview and Level Annotations

Branches:
Dungeon (15/15)            Temple (1/1) D:6            Lair (6/6) D:9
 Shoals (4/4) Lair:2       Spider (4/4) Lair:2        Slime (0/5) Lair:6
    Orc (2/2) D:12            Elf (0/3) Orc:2        Vaults (5/5) D:14
  Crypt (0/3) Vaults:3     Depths (5/5) D:15            Zot (5/5) Depths:5
Ossuary (visited)          Bailey (visited)         Gauntlet (visited)

Altars:
Ashenzari
Dithmenos
Elyvilon
Makhleb
Nemelex Xobeh
Qazlal
Sif Muna
Trog
Yredelemnul
Zin
The Shining One
Beogh
Jiyva

Shops:
D:13 (   Orc:2 [=(*   Shoals:1 }   Shoals:4 [(:   Vaults:3 [   Vaults:5 ?
Depths:2 [   Depths:3 }=}?   Depths:4 (

Portals:
Hell: Depths:1 Depths:2 Depths:3 Depths:5
Abyss: Lair:3 Depths:1 Depths:3 Depths:5
Pandemonium: Depths:3
Ziggurat: Depths:4
Trove: Depths:1 (give +2 gold dragon scales)

Annotations:
D:2 1 runed translucent door, Crazy Yiuf
Lair:3 2 transporters, exclusion: oklob plant, Tised's ghost, journeyman DsBr
Shoals:3 3 runed translucent doors, Qofohah's ghost, adept GnWn
Zot:5 1 exclusion


Innate Abilities, Weirdness & Mutations

You are too large for most types of armour.
You have claws for hands.
Your natural rate of healing is unusually fast.
You are covered in fur. (AC +1)
You have extremely tough skin. (AC +3)


Message History

The storm dragon blinks!
The orb of fire blinks!
The ancient lich blinks!
The Killer Klown blinks!
The electric golem blinks!
The death cob blinks!
The electric golem blinks!
The Killer Klown blinks!
You blink.
The Killer Klown blinks!
The Orb Guardian pulls the alarm!
The alarm trap emits a blaring wail!
A sentinel's mark forms upon you.
You hear a shout! x2; You hear a roar! x2; You hear a shout! x2
You hear a roar! x6; You hear a shout! x2
You are very lightly contaminated with residual magic.
An Orb Guardian comes into view.
An Orb Guardian comes into view.
The death cob enters a dispersal trap!
The storm dragon blinks!
The ancient lich blinks!
The orb of fire blinks!
The storm dragon blinks!
The Killer Klown blinks!
You blink.
The death cob blinks!
The storm dragon breathes lightning at you.
The bolt of lightning hits the ancient lich.
The ancient lich resists.
The bolt of lightning misses you.
The Orb Guardian moves out of view. x2
An Orb Guardian comes into view.
The Killer Klown throws klown pie at you.
You block the klown pie.
The ancient lich mumbles some strange words.
An Orb Guardian comes into view.
An Orb Guardian comes into view.
Found the Orb of Zot.
The ancient lich mumbles some strange words.
The ancient lich flickers and vanishes for a moment.
The Tzitzimitl gestures at you.
The bolt of negative energy hits you but does no damage.
You partially resist.
You feel drained.
The Killer Klown throws klown pie at you.
You block the klown pie.
Unknown command.
The ancient lich touches you but does no damage.
Unknown command.
The Killer Klown blinks!
Unknown command.
The Killer Klown blinks!
An Orb Guardian comes into view.
The electric golem blinks!
The Orb Guardian completely misses you.
The Killer Klown blinks!
The electric golem hurls lightning at you.
The bolt of lightning hits you!!!
* * * LOW HITPOINT WARNING * * *
The bolt of lightning hits you!!!
* * * LOW HITPOINT WARNING * * *
The ancient lich points at you and mumbles some strange words.
The bolt of cold hits you!! You resist.
You die...
Your body rises from the dead as a mindless zombie.

,,,.......)........▓*▓X...,,,***,
,,,..^.............▓▓.....,,^,**,
,,,....§.dp§..*.(..▓X....X^^,,,*,
,,,..........8^..D.....q^X,,,,,,^
,,,....§...*...§p.X▓§§X.X,,,,,,*,
,,,[....§........XX▓*^...,,,,,**,
,,,.............1L.▓**,.,,,,,***,
,,,.....^..D.....X.# ********* *,
,,,........X....@z## **
,,,...........^.▓## *
,,,..........▓▓▓▓
,,,,*#▓▓▓▓▓▓▓▓****
,,,,,,,,,,,,,,,,,*** **
,,,,,,,,,,,,,**,,,,** **,
,,,^,,,,,,,,,,***,,,***********,,
,,,,,,,,,,,,,,,***,,,,,,,,,,,,,,,
,,,,,,,,,,,,,,,* **,,,,,,,,,,,,,*


You could see 2 orbs of fire, 2 Killer Klowns, an electric golem, a shadow
dragon, an ancient lich (invisible), a storm dragon (catching breath), a
Tzitzimitl (summoned), a green draconian, a death cob and 6 Orb Guardians.

Vanquished Creatures
  An ancient lich (Vaults:5)
  2 golden dragons
  An electric golem (Zot:1)
  A lich (Depths:1)
  A tentacled monstrosity (Depths:4)
  2 quicksilver dragons
  A titan (Vaults:5)
  3 sphinxes (Vaults:5)
  An ancient champion (Vaults:3)
  5 fire giants
  A frost giant (Vaults:5)
  2 storm dragons
  2 emperor scorpions (Spider:4)
  2 iron dragons (Depths:4)
  4 vault wardens (Vaults:5)
  A ghost moth (Spider:1)
  2 draconian scorchers
  3 ironheart preservers
  A spriggan defender (Depths:4)
  7 very ugly things
  8 stone giants
  2 vampire knights
  2 green draconians (Zot:2)
  3 white draconians
  A yellow draconian (Depths:5)
  A minotaur (Gauntlet)
  3 spark wasps
  2 red draconians (Zot:2)
  7 ettins
  An eidolon (Vaults:3)
  2 deep elf death magi (Vaults:4)
  A merfolk impaler (Shoals:4)
  4 fire dragons
  A great orb of eyes (Depths:5)
  6 ogre magi
  7 vault guards
  2 rakshasas
  9 yaktaur captains
  4 catoblepae
  3 hydras
  2 peacekeepers (Vaults:1)
  A spriggan air mage (Depths:3)
  3 ice dragons
  3 centaur warriors
  A death knight (Vaults:5)
  13 two-headed ogres
  6 tengu warriors
  3 deep troll earth magi
  4 deep troll shamans
  A spriggan berserker (Depths:5)
  A death yak (Shoals:1)
  A shock serpent (shapeshifter) (Depths:3)
  A vampire mage (Depths:2)
  2 hell knights (Depths:5)
  A deep elf knight (Vaults:4)
  2 sixfirhies (Gauntlet)
  2 iron trolls
  A sea snake (Shoals:1)
  A shadow wraith (Vaults:2)
  2 skeletal warriors
  A wizard (Vaults:2)
  11 deep trolls
  2 unseen horrors
  2 deep elf archers (Vaults:5)
  A lindwurm (Lair:4)
  A glowing orange brain (Depths:1)
  3 ironbrand convokers
  A phantasmal warrior (Vaults:3)
  An orb spider (Spider:4)
  2 harpies (shapeshifter)
  2 harpies
  A necromancer (D:15)
  2 orc knights (Vaults:3)
  2 manticores
  8 ugly things
  8 wolf spiders
  A manticore (shapeshifter) (Vaults:1)
  A moth of wrath (shapeshifter) (Vaults:5)
  4 cyclopes
  7 elephants
  3 merfolk sirens
  7 moths of wrath
  3 gargoyles
  6 vault sentinels
  A water nymph (Shoals:1)
  A water nymph (shapeshifter) (Depths:3)
  A black mamba (Lair:6)
  3 cane toads
  Maggie (D:7)
  A torpor snail (Spider:2)
  6 kobold demonologists
  6 komodo dragons
  An efreet (Gauntlet)
  A rime drake (Lair:5)
  A freezing wraith (Vaults:4)
  21 yaktaurs
  5 demonic crawlers
  4 merfolk
  A queen bee (shapeshifter) (D:15)
  A meliai (Spider:4)
  6 jumping spiders
  A hornet (shapeshifter) (Vaults:4)
  A troll (Orc:1)
  4 hornets
  2 blink frogs
  A dream sheep (shapeshifter) (Vaults:2)
  5 snapping turtles
  5 dream sheep
  A deep troll zombie (D:15)
  9 slime creatures
  6 hippogriffs
  2 vampires
  Sigmund (D:5)
  2 wraiths
  2 shadows
  18 redbacks
  3 tarantellas
  2 wyverns
  2 fire elementals
  A hog (Shoals:3)
  3 water elementals
  12 yaks
  9 water moccasins
  3 hell hounds
  6 porcupines
  Duvessa (D:5)
  4 ice beasts
  A hornet zombie (D:11)
  23 orc warriors
  3 black bears
  2 sky beasts
  22 ogres
  A phantom (D:4)
  2 eyes of draining
  2 necrophages
  19 wolves
  2 boggarts (Vaults:2)
  13 centaurs
  3 crocodiles
  4 big kobolds
  An elf zombie (Ossuary)
  2 wyvern zombies
  7 bullfrogs
  Dowan (D:5)
  2 scorpions
  A water moccasin skeleton (D:9)
  4 killer bees
  15 wights
  2 howler monkeys
  5 jellies
  2 bullfrog zombies
  3 quasits
  10 centaur zombies
  12 orc wizards
  7 orc priests
  8 hounds
  Natasha (thrice) (D:2)
  2 bullfrog skeletons
  An iguana (D:5)
  7 worker ants
  A big kobold zombie (Ossuary)
  2 hound skeletons
  3 hound zombies
  3 mummies (Ossuary)
  Robin (D:4)
  4 gnolls (D:5)
  22 adders
  2 shadow imps
  5 white imps
  An ooze (D:3)
  2 ufetubi
  5 adder zombies
  2 adder skeletons
  3 worms
  2 dart slugs (D:1)
  8 leopard geckos
  64 orcs
  6 ball pythons
  6 giant cockroaches
  15 goblins
  16 hobgoblins
  5 jackals
  13 kobolds
  6 quokkas
  8 bats
  6 frilled lizards
  4 goblin zombies (Ossuary)
  5 hobgoblin zombies (Ossuary)
  2 jackal zombies (Ossuary)
  5 kobold zombies (Ossuary)
  An orc zombie (Ossuary)
  2 quokka zombies (Ossuary)
  7 rats
  5 rat zombies (Ossuary)
  A spectral orc (D:2)
845 creatures vanquished.

Vanquished Creatures (collateral kills)
  A juggernaut (Depths:4)
  A shard shrike (shapeshifter) (Depths:5)
  Saint Roka (Orc:2)
  5 golden dragons
  Jory (Vaults:3)
  4 tentacled monstrosities
  4 liches
  A quicksilver dragon (Vaults:5)
  Gastronok (Lair:1)
  Polyphemus (Shoals:2)
  2 death cobs
  Kirke (Shoals:3)
  2 storm dragons
  4 tengu reavers
  5 shadow dragons
  A draconian monk (Zot:2)
  8 frost giants
  3 ghost moths
  3 fire giants
  12 vault wardens
  An iron dragon (Depths:5)
  An orc warlord (Orc:2)
  3 emperor scorpions
  A draconian shifter (Zot:2)
  Aizul (Depths:2)
  7 ironheart preservers
  2 war gargoyles
  A draconian stormcaller (Zot:3)
  A draconian annihilator (Depths:5)
  2 spriggan defenders (Depths:5)
  12 very ugly things
  3 entropy weavers
  17 stone giants
  4 black draconians
  A vampire knight (Depths:2)
  A green draconian (Zot:3)
  Azrael (D:13)
  A white draconian (Zot:3)
  A deep elf annihilator (Vaults:5)
  5 spark wasps
  A deep elf demonologist (Vaults:5)
  3 purple draconians
  A red draconian (Zot:2)
  A deep elf death mage (Vaults:5)
  Snorg (D:13)
  5 merfolk javelineers
  5 yellow draconians
  5 ettins
  9 great orbs of eyes
  7 fire dragons
  A crystal guardian (Vaults:3)
  6 merfolk impalers
  13 yaktaur captains
  30 vault guards
  2 catoblepae (Lair:6)
  3 merfolk avatars
  5 hydras
  3 rakshasas
  An alligator snapping turtle (Shoals:3)
  3 spriggan air magi
  10 ice dragons
  18 two-headed ogres
  2 satyrs (Shoals:4)
  5 deep troll shamans
  3 merfolk aquamancers
  8 ogre magi
  9 death yaks
  6 centaur warriors
  2 tengu warriors
  3 deep troll earth magi
  An orc high priest (Orc:2)
  A vampire mage (D:15)
  2 spriggan berserkers
  2 iron trolls
  Nergalle (Orc:2)
  4 skeletal warriors (D:15)
  9 sea snakes
  2 unseen horrors (Vaults:1)
  A tengu zombie (D:15)
  An unseen horror (shapeshifter) (Vaults:1)
  3 glowing orange brains
  2 flayed ghosts (Depths:5)
  7 ironbrand convokers
  2 wizards
  A deep troll (shapeshifter) (Vaults:5)
  A sea snake (shapeshifter) (Vaults:5)
  16 deep trolls
  11 harpies
  A lindwurm (shapeshifter) (Vaults:5)
  15 wolf spiders
  6 orc knights
  22 ugly things
  22 orb spiders
  An orc sorcerer (Orc:2)
  10 fauns
  A fire giant zombie (D:15)
  6 deep elf magi
  4 cyclopes
  A salamander (shapeshifter) (Vaults:4)
  7 manticores
  5 moths of wrath
  A stone giant skeleton (D:15)
  2 centaur zombies
  4 elephants
  6 vault sentinels
  2 water nymphs
  11 merfolk sirens
  A gargoyle (D:15)
  2 centaur skeletons (D:15)
  2 freezing wraiths
  2 rime drakes
  A kobold demonologist (D:15)
  4 cane toads
  6 komodo dragons
  8 demonic crawlers
  28 yaktaurs
  4 tengu conjurers
  A polar bear (shapeshifter) (D:15)
  34 merfolk
  5 meliai
  10 hornets
  22 jumping spiders
  A polar bear (Lair:5)
  5 trolls
  A wind drake (shapeshifter) (Vaults:4)
  8 snapping turtles
  3 wind drakes
  A blink frog (shapeshifter) (D:14)
  16 slime creatures
  A raiju (shapeshifter) (Vaults:1)
  16 dream sheep
  6 blink frogs
  A slime creature (shapeshifter) (Vaults:5)
  7 hippogriffs
  15 tarantellas
  A spriggan (shapeshifter) (D:15)
  A hippogriff (shapeshifter) (Vaults:4)
  2 spriggans
  2 wraiths
  43 redbacks
  9 water elementals
  32 yaks
  3 wyverns
  3 hogs (Shoals:3)
  2 fire elementals (D:13)
  A human (Shoals:3)
  An acid dragon (D:13)
  3 water moccasins
  3 hell hounds (D:13)
  A floating eye (Depths:2)
  16 orc warriors
  4 porcupines
  A sky beast (D:8)
  A black bear (D:9)
  2 phantoms
  An ice beast (D:10)
  An eye of draining (shapeshifter) (Depths:1)
  13 wolves
  18 ogres
  3 boggarts (Vaults:2)
  16 centaurs
  5 crocodiles
  4 big kobolds
  8 bullfrogs
  4 killer bees (D:8)
  7 wights
  2 electric eels (Lair:2)
  A jelly (D:13)
  9 orc priests
  13 orc wizards
  2 iguanas
  A worker ant (D:13)
  A deep troll zombie (Depths:4)
  3 gnolls (D:8)
  An adder (D:12)
  A shadow imp (D:9)
  A white imp (Vaults:3)
  2 ufetubi
  An adder zombie (D:8)
  42 orcs
  3 goblins (D:9)
  11 kobolds
  8 bushes (Lair:5)
  28 fungi
  90 plants
  5 withered plants (D:15)
1139 creatures vanquished.

Vanquished Creatures (others)
  A profane servitor (Depths:2)
  2 bone dragons spectral
  Arachne (Depths:2)
  12 ghouls
  5 vampire knights
  An ettin (Depths:5)
  A spectral human (Depths:3)
  4 skeletal warriors
  5 flayed ghosts
  8 phantasmal warriors
  A deep elf mage (Vaults:5)
  18 flying skulls
  2 wraiths (D:11)
  12 vampires
  A human (Shoals:3)
  A very ugly thing zombie (Depths:5)
  A spectral ogre (D:13)
  A sky beast (D:12)
  A golden dragon skeleton (Vaults:5)
  A wight (Bailey)
  A fire giant zombie (Depths:4)
  A black draconian zombie (Depths:5)
  2 spark wasp zombies (Depths:5)
  3 spriggan zombies (Depths:5)
  A frost giant zombie (Depths:5)
  2 stone giant zombies (Vaults:5)
  A human skeleton (Vaults:5)
  11 human zombies (Vaults:5)
  2 ghoul skeletons (Vaults:5)
  2 mummies (D:7)
  5 deep troll zombies
  An elf zombie (Vaults:5)
  A two-headed ogre zombie (D:15)
  2 elf skeletons (Vaults:5)
  A hell hound zombie (Gauntlet)
  A hornet zombie (Depths:5)
  A wyvern zombie (D:15)
  A bullfrog skeleton (D:15)
  7 yaktaur zombies
  A big kobold skeleton (D:15)
  A bush (Lair:5)
  A demonic plant (Gauntlet)
  2 fungi
  5 plants
  4 toadstools (D:15)
139 creatures vanquished.

Grand Total: 2123 creatures vanquished

Notes
Turn   | Place    | Note
-------+----------+-------------------------------------------
     0 | D:1      | Apogee the Troll Warper began the quest for the Orb.
     0 | D:1      | Reached XP level 1. HP: 19/19 MP: 1/1
   188 | D:1      | Reached XP level 2. HP: 27/27 MP: 2/2
   227 | D:1      | Reached skill level 3 in Unarmed Combat
   278 | D:1      | Reached XP level 3. HP: 33/33 MP: 3/3
   930 | D:2      | Reached skill level 4 in Unarmed Combat
   953 | D:2      | Found a basalt altar of Yredelemnul.
   961 | D:2      | Became a worshipper of Yredelemnul the Dark
   979 | D:2      | Noticed Natasha
   990 | D:2      | Killed Natasha
   990 | D:2      | Reached XP level 4. HP: 23/41 MP: 4/4
  1026 | D:2      | Noticed Natasha
  1035 | D:2      | Killed Natasha
  1036 | D:2      | Reached skill level 5 in Unarmed Combat
  1042 | D:2      | Found a bloodstained altar of Trog.
  1124 | D:2      | Found a runed translucent door.
  1125 | D:2      | Noticed Crazy Yiuf
  1280 | D:2      | Reached XP level 5. HP: 48/48 MP: 5/5
  1427 | D:2      | Reached * piety under Yredelemnul
  1511 | D:2      | Noticed Natasha
  1517 | D:2      | Killed Natasha
  1940 | D:3      | Noticed an ice beast
  2108 | D:3      | Reached skill level 6 in Unarmed Combat
  2239 | D:3      | Noticed a hippogriff
  2247 | D:3      | Killed a hippogriff
  2247 | D:3      | Reached skill level 7 in Unarmed Combat
  2247 | D:3      | Reached XP level 6. HP: 24/55 MP: 6/6
  2254 | D:3      | Learned a level 2 spell: Blink
  2516 | D:3      | Killed an ice beast
  2516 | D:3      | Reached XP level 7. HP: 31/62 MP: 7/7
  2616 | D:4      | Noticed Robin
  2659 | D:4      | Reached ** piety under Yredelemnul
  2682 | D:4      | Killed Robin
  2779 | D:4      | Found a stormy altar of Qazlal.
  2844 | D:4      | Found a white marble altar of Elyvilon.
  2844 | D:4      | Found a glowing golden altar of the Shining One.
  2845 | D:4      | Found a glowing silver altar of Zin.
  2891 | D:4      | Reached skill level 8 in Unarmed Combat
  3417 | D:5      | Entered Level 5 of the Dungeon
  3417 | D:5      | Noticed Duvessa
  3419 | D:5      | Noticed Dowan
  3531 | D:5      | Killed Duvessa
  3531 | D:5      | Reached skill level 9 in Unarmed Combat
  3664 | D:5      | Noticed Sigmund
  3678 | D:5      | Killed Dowan
  3811 | D:5      | Reached XP level 8. HP: 37/70 MP: 8/8
  4141 | D:5      | Reached *** piety under Yredelemnul
  4141 | D:5      | Reached skill level 10 in Unarmed Combat
  4141 | D:5      | Reached skill level 1 in Throwing
  4205 | D:5      | Killed Sigmund
  4396 | D:6      | Found a sand-covered staircase.
  4470 | Ossuary  | Entered an ossuary
  4559 | Ossuary  | Received a gift from Yredelemnul (a mummy)
  4870 | D:6      | Found a staircase to the Ecumenical Temple.
  4957 | D:6      | Found a shattered altar of Ashenzari.
  5100 | D:6      | Received a gift from Yredelemnul (a mummy)
  5115 | D:6      | Reached XP level 9. HP: 79/83 MP: 9/9
  5529 | Temple   | Entered the Ecumenical Temple
  5594 | D:7      | Reached **** piety under Yredelemnul
  5708 | D:7      | Noticed Maggie
  5745 | D:7      | Killed Maggie
  6088 | D:7      | Reached skill level 11 in Unarmed Combat
  6088 | D:7      | Received a gift from Yredelemnul (3 flying skulls)
  6136 | D:7      | Found a sparkling altar of Nemelex Xobeh.
  6270 | D:7      | Found a burning altar of Makhleb.
  6532 | D:8      | Received a gift from Yredelemnul (4 flying skulls)
  6560 | D:8      | Reached skill level 5 in Throwing
  6634 | D:8      | Reached skill level 5 in Fighting
  6634 | D:8      | Reached skill level 1 in Invocations
  6890 | D:8      | Received a gift from Yredelemnul (4 flying skulls)
  7031 | D:8      | Paralysed by a hornet for 2 turns
  7034 | D:8      | Reached XP level 10. HP: 80/96 MP: 10/10
  7194 | D:8      | Found a shimmering blue altar of Sif Muna.
  7600 | D:9      | Found a flagged portal.
  7717 | Bailey   | Entered a bailey
  7738 | Bailey   | Received a gift from Yredelemnul (a wight)
  8860 | Bailey   | Identified Sif Muna's Handbook of Destructive Displacement
  8888 | Bailey   | Learned a level 1 spell: Apportation
  9039 | D:9      | Found a burning altar of Makhleb.
  9227 | D:9      | Reached ***** piety under Yredelemnul
  9230 | D:9      | Reached skill level 12 in Unarmed Combat
  9234 | D:9      | Found a shadowy altar of Dithmenos.
  9371 | D:9      | Found a staircase to the Lair.
  9762 | Lair:1   | Entered Level 1 of the Lair of Beasts
  9831 | Lair:1   | Noticed a cane toad
  9836 | Lair:1   | Killed a cane toad
  9840 | Lair:1   | Reached XP level 11. HP: 92/107 MP: 13/13
  9924 | Lair:1   | Received a gift from Yredelemnul (a vampire)
 10341 | Lair:1   | Noticed Gastronok
 10352 | Lair:1   | Killed Gastronok
 11066 | Lair:2   | Reached skill level 1 in Shields
 11069 | Lair:2   | Reached skill level 5 in Invocations
 11102 | Lair:2   | Noticed a catoblepas
 11121 | Lair:2   | Killed a catoblepas
 11291 | Lair:2   | Found a hole to the Spider Nest.
 11720 | Lair:2   | Found a staircase to the Shoals.
 12115 | Lair:3   | Noticed a four-headed hydra
 12124 | Lair:3   | Killed a six-headed hydra
 12166 | Lair:3   | Reached XP level 12. HP: 56/119 MP: 15/15
 12304 | Lair:3   | Noticed a hell hog
 12379 | Lair:3   | Noticed a four-headed hydra
 12385 | Lair:3   | Killed a five-headed hydra
 12502 | Lair:3   | Got a crystal hunting sling
 12542 | Lair:3   | Received a gift from Yredelemnul (2 flying skulls)
 12543 | Lair:3   | Got an ichor-stained dagger
 12676 | Lair:3   | Noticed Tised's ghost (journeyman DsBr)
 12829 | Lair:3   | Found a transporter.
 12903 | Lair:3   | Found a one-way gate to the infinite horrors of the Abyss.
 12904 | Lair:3   | Found a transporter.
 13180 | Lair:4   | Received a gift from Yredelemnul (a skeletal warrior)
 13753 | Lair:4   | Received a gift from Yredelemnul (5 flying skulls)
 14224 | D:10     | Entered Level 10 of the Dungeon
 14325 | D:10     | Got a slimy short sword
 14440 | D:10     | Received a gift from Yredelemnul (a wraith)
 14896 | D:11     | Reached skill level 5 in Shields
 15154 | D:11     | Received a gift from Yredelemnul (a wraith)
 15362 | D:11     | Noticed a six-headed hydra
 15374 | D:11     | Killed a seven-headed hydra
 15471 | D:11     | Received a gift from Yredelemnul (a vampire)
 15739 | D:12     | Noticed Erolcha
 15744 | D:12     | Killed Erolcha
 15744 | D:12     | Enslaved Erolcha
 15763 | D:12     | Reached XP level 13. HP: 66/131 MP: 11/17
 15834 | D:12     | Received a gift from Yredelemnul (a phantasmal warrior)
 16028 | D:12     | Reached ****** piety under Yredelemnul
 16034 | D:12     | Found a staircase to the Orcish Mines.
 16807 | D:12     | Received a gift from Yredelemnul (a vampire knight)
 16875 | Orc:1    | Entered Level 1 of the Orcish Mines
 16904 | Orc:1    | Reached skill level 10 in Throwing
 17196 | D:13     | Received a gift from Yredelemnul (a phantasmal warrior)
 17540 | D:13     | Found Vadyreull's Weapon Emporium.
 17559 | D:13     | Received a gift from Yredelemnul (a phantasmal warrior)
 17700 | D:13     | Noticed Azrael
 17725 | D:13     | Your ally Erolcha died
 17729 | D:13     | Killed Azrael
 18125 | D:13     | Reached skill level 10 in Fighting
 18360 | D:13     | Received a gift from Yredelemnul (a vampire knight)
 18440 | D:13     | Noticed Snorg
 18495 | D:13     | Killed Snorg
 18946 | D:14     | Received a gift from Yredelemnul (a profane servitor)
 19080 | D:14     | Reached skill level 10 in Invocations
 19082 | D:14     | Reached XP level 14. HP: 110/143 MP: 20/20
 19308 | D:14     | Found a gate to the Vaults.
 19576 | D:14     | Identified a scroll of acquirement
 19576 | D:14     | Acquired 2400 gold pieces
 19690 | D:15     | Entered Level 15 of the Dungeon
 19761 | D:15     | Found a staircase to the Depths.
 19771 | D:15     | Received a gift from Yredelemnul (a flayed ghost)
 20076 | D:15     | Received a gift from Yredelemnul (a skeletal warrior)
 20151 | D:15     | Received a gift from Yredelemnul (a ghoul)
 20950 | Lair:5   | Reached skill level 13 in Unarmed Combat
 20956 | Lair:5   | Found a gate leading to a gauntlet.
 20967 | Gauntlet | Entered a Gauntlet
 20967 | Gauntlet | Found a transporter.
 20987 | Gauntlet | Found a transporter.
 20989 | Gauntlet | Identified the ring of the Hippo {rC+ Dex+4}
 20989 | Gauntlet | Noticed an entropy weaver
 21000 | Gauntlet | Found a transporter.
 21003 | Gauntlet | Found a transporter.
 21021 | Gauntlet | Found a transporter.
 21034 | Gauntlet | Found a transporter.
 21038 | Gauntlet | Found a transporter.
 21042 | Gauntlet | Found a transporter.
 21065 | Gauntlet | Found a transporter.
 21087 | Gauntlet | Found a transporter.
 21089 | Gauntlet | Found a transporter.
 21091 | Gauntlet | Found a runed translucent gate.
 21091 | Gauntlet | Found a runed translucent gate.
 21091 | Gauntlet | Found a runed translucent gate.
 21097 | Gauntlet | Found a transporter.
 21276 | Gauntlet | Received a gift from Yredelemnul (a vampire)
 21282 | Gauntlet | Got a scorched hat
 21293 | Gauntlet | Identified the +0 hat of Jir Erghoe {MR+} (You found it in
                  | a Gauntlet)
 21444 | Gauntlet | HP: 5/144 [minotaur/uncursed staff of air (14)]
 22321 | Lair:6   | Entered Level 6 of the Lair of Beasts
 22349 | Lair:6   | Received a gift from Yredelemnul (a ghoul)
 22709 | Lair:6   | Received a gift from Yredelemnul (a ghoul)
 22862 | Lair:6   | Reached skill level 5 in Dodging
 22964 | Lair:6   | Received a gift from Yredelemnul (a phantasmal warrior)
 22980 | Lair:6   | Found a viscous altar of Jiyva.
 22980 | Lair:6   | Found a staircase to the Slime Pits.
 23565 | Shoals:1 | Entered Level 1 of the Shoals
 23798 | Shoals:1 | Received a gift from Yredelemnul (a ghoul)
 24001 | Shoals:1 | Reached XP level 15. HP: 153/153 MP: 19/21
 24304 | Shoals:1 | Found Sileh's Gadget Shop.
 24663 | Shoals:2 | Noticed Polyphemus
 24672 | Shoals:2 | Killed Polyphemus
 24822 | Shoals:2 | Received a gift from Yredelemnul (a bone dragon)
 24834 | Shoals:2 | Reached skill level 14 in Unarmed Combat
 25029 | Shoals:2 | Received a gift from Yredelemnul (a profane servitor)
 25848 | Shoals:3 | Received a gift from Yredelemnul (a ghoul)
 25855 | Shoals:3 | Noticed Kirke
 25863 | Shoals:3 | Killed Kirke
 25936 | Shoals:3 | Found a runed translucent gate.
 25937 | Shoals:3 | Found a runed translucent gate.
 25938 | Shoals:3 | Found a runed translucent gate.
 25954 | Shoals:3 | Noticed Qofohah's ghost (adept GnWn)
 26433 | Shoals:4 | Entered Level 4 of the Shoals
 26433 | Shoals:4 | Found Kulusi's Book Emporium.
 26438 | Shoals:4 | Found Ronosk's Armour Shop.
 26449 | Shoals:4 | Bought +1 swamp dragon scales for 855 gold pieces
 26464 | Shoals:4 | Found Xunozite's Weapon Shop.
 26484 | Shoals:4 | Identified the +8 battleaxe "Kuemeuxa" {vorpal, *Contam
                  | *Rage rF+++ Str+9}
 26765 | Shoals:4 | Got a barnacled rune of Zot
 26869 | Shoals:4 | Received a gift from Yredelemnul (a skeletal warrior)
 27208 | Shoals:4 | Received a gift from Yredelemnul (a vampire knight)
 27496 | Shoals:4 | Identified Sif Muna's Collected Works on Scorching Battle
                  | Magic
 27787 | Spider:1 | Entered Level 1 of the Spider Nest
 27819 | Spider:1 | Killed a ghost moth
 27990 | Spider:1 | Reached XP level 16. HP: 156/165 MP: 22/22
 28005 | Spider:1 | Noticed Frances
 28020 | Spider:1 | Killed Frances
 28020 | Spider:1 | Enslaved Frances
 28022 | Spider:1 | Received a gift from Yredelemnul (a ghoul)
 28031 | Spider:1 | Reached skill level 15 in Unarmed Combat
 28606 | Spider:2 | Noticed Arachne
 28610 | Spider:2 | Killed Arachne
 28610 | Spider:2 | Enslaved Arachne
 28715 | Spider:2 | Received a gift from Yredelemnul (a vampire)
 29440 | Spider:3 | Received a gift from Yredelemnul (a phantasmal warrior)
 29554 | Spider:3 | Received a gift from Yredelemnul (a vampire)
 29913 | Spider:4 | Entered Level 4 of the Spider Nest
 30259 | Spider:4 | Received a gift from Yredelemnul (a bone dragon)
 30520 | Spider:4 | Received a gift from Yredelemnul (a ghoul)
 30584 | Spider:4 | Received a gift from Yredelemnul (a phantasmal warrior)
 30897 | Spider:4 | Got a gossamer rune of Zot
 31534 | Orc:2    | Entered Level 2 of the Orcish Mines
 31770 | Orc:2    | Noticed Nergalle
 31780 | Orc:2    | Killed Nergalle
 31783 | Orc:2    | Noticed Saint Roka
 31784 | Orc:2    | Received a gift from Yredelemnul (a ghoul)
 31788 | Orc:2    | Found a roughly hewn altar of Beogh.
 31804 | Orc:2    | Killed Saint Roka
 31804 | Orc:2    | Reached skill level 16 in Unarmed Combat
 31805 | Orc:2    | Found Weykizuz's General Store.
 31813 | Orc:2    | Bought 3 scrolls of blinking for 247 gold pieces
 31900 | Orc:2    | Found Gouti's Jewellery Boutique.
 31941 | Orc:2    | Found Anouss's Antique Weapon Boutique.
 31967 | Orc:2    | Bought the amulet of Qaamagos {Acrobat rN++ Dex+4} for 614
                  | gold pieces
 32026 | Orc:2    | Received a gift from Yredelemnul (a ghoul)
 32309 | Orc:2    | Found a staircase to the Elven Halls.
 32334 | Orc:2    | Received a gift from Yredelemnul (a flayed ghost)
 32398 | Orc:2    | Found Neapput's Antique Armour Boutique.
 32404 | Orc:2    | Bought a glowing kite shield for 277 gold pieces
 32700 | Vaults:1 | Entered Level 1 of the Vaults
 32837 | Vaults:1 | Reached skill level 10 in Dodging
 32873 | Vaults:1 | Reached XP level 17. HP: 143/178 MP: 23/23
 32956 | Vaults:1 | Received a gift from Yredelemnul (a ghoul)
 33276 | Vaults:1 | Found a ruined gateway.
 33281 | Vaults:1 | Received a gift from Yredelemnul (a phantasmal warrior)
 34049 | Vaults:2 | Received a gift from Yredelemnul (a vampire knight)
 34204 | Vaults:2 | Reached skill level 1 in Armour
 34688 | Vaults:2 | Received a gift from Yredelemnul (a vampire)
 35192 | Vaults:2 | Received a gift from Yredelemnul (a vampire)
 35361 | Vaults:3 | Found a staircase to the Crypt.
 35612 | Vaults:3 | Noticed Jory
 35624 | Vaults:3 | Killed Jory
 36177 | Vaults:3 | Found Deev's Armour Shoppe.
 36183 | Vaults:3 | Bought +1 pearl dragon scales for 1468 gold pieces
 36241 | Vaults:3 | Received a gift from Yredelemnul (a vampire knight)
 36398 | Vaults:3 | Reached skill level 10 in Shields
 37611 | Vaults:4 | Received a gift from Yredelemnul (a vampire)
 37685 | Vaults:4 | Reached skill level 5 in Armour
 37750 | Vaults:4 | Reached XP level 18. HP: 167/189 MP: 25/25
 38563 | Vaults:4 | Received a gift from Yredelemnul (a flayed ghost)
 39009 | Vaults:5 | Entered Level 5 of the Vaults
 39016 | Vaults:5 | Received a gift from Yredelemnul (a ghoul)
 39028 | Vaults:5 | Received a gift from Yredelemnul (a ghoul)
 39113 | Vaults:5 | Noticed a golden dragon
 39123 | Vaults:5 | Killed a golden dragon
 39242 | Vaults:5 | Killed a tentacled monstrosity
 39284 | Vaults:5 | Got a faintly glowing war axe
 39332 | Vaults:5 | Acquired 1560 gold pieces
 39336 | Vaults:5 | Got a crude hunting sling
 39479 | Vaults:5 | Noticed an ancient lich
 39492 | Vaults:5 | Killed an ancient lich
 39505 | Vaults:5 | Received a gift from Yredelemnul (a vampire)
 39508 | Vaults:5 | Got a silver rune of Zot
 39581 | Vaults:5 | Noticed a lich
 39589 | Vaults:5 | Killed a lich
 39794 | Vaults:5 | Reached XP level 19. HP: 166/197 MP: 27/27
 39800 | Vaults:5 | Received a gift from Yredelemnul (a vampire)
 40159 | Vaults:5 | Noticed a golden dragon
 40168 | Vaults:5 | Killed a golden dragon
 40376 | Vaults:5 | Identified the Guide on Shape Shifting
 40438 | Vaults:5 | Noticed a golden dragon
 40446 | Vaults:5 | Killed a golden dragon
 40600 | Vaults:5 | Found Sewkoot's Magic Scroll Shoppe.
 40600 | Vaults:5 | Paralysed by a sphinx for 3 turns
 40607 | Vaults:5 | Bought a scroll of summoning for 228 gold pieces
 40607 | Vaults:5 | Bought a scroll of enchant armour for 180 gold pieces
 40782 | Vaults:5 | Identified the Volume of Quantum Earth
 41083 | Depths:1 | Entered Level 1 of the Depths
 41138 | Depths:1 | Received a gift from Yredelemnul (a phantasmal warrior)
 41158 | Depths:1 | Got a bone shortbow
 41309 | Depths:1 | Found a gateway to Hell.
 41487 | Depths:1 | Noticed a lich
 41499 | Depths:1 | Killed a lich
 41810 | Depths:1 | Found a portal to a secret trove of treasure.
 42089 | Depths:1 | Received a gift from Yredelemnul (a vampire)
 42168 | Depths:1 | Found a sparkling altar of Nemelex Xobeh.
 42463 | Depths:2 | Paralysed by a floating eye for 4 turns
 42477 | Depths:2 | Your ally Arachne died
 42510 | Depths:2 | Received a gift from Yredelemnul (a skeletal warrior)
 42704 | Depths:2 | Noticed Aizul
 42717 | Depths:2 | Received a gift from Yredelemnul (a skeletal warrior)
 42724 | Depths:2 | Reached skill level 10 in Armour
 42728 | Depths:2 | Killed Aizul
 43079 | Depths:2 | Received a gift from Yredelemnul (a flayed ghost)
 43149 | Depths:2 | Found Fuqe's Antique Armour Emporium.
 43601 | Depths:3 | Noticed Louise
 43610 | Depths:3 | Killed Louise
 43610 | Depths:3 | Enslaved Louise
 43778 | Depths:3 | Reached XP level 20. HP: 195/206 MP: 29/29
 43779 | Depths:3 | Received a gift from Yredelemnul (a profane servitor)
 43892 | Depths:3 | Your ally Louise died
 44022 | Depths:3 | Received a gift from Yredelemnul (a skeletal warrior)
 44162 | Depths:3 | Found Lagridoi's Magic Scroll Boutique.
 44170 | Depths:3 | Bought a scroll of enchant armour for 142 gold pieces
 44310 | Depths:3 | Received a gift from Yredelemnul (a vampire knight)
 44342 | Depths:3 | Found a one-way gate leading to the halls of Pandemonium.
 44343 | Depths:3 | Found a glowing golden altar of the Shining One.
 44383 | Depths:3 | Found Coetaane's Gadget Shop.
 44384 | Depths:3 | Found Qauchohu's Jewellery Shoppe.
 44385 | Depths:3 | Found Beclud's Gadget Shop.
 44832 | Depths:4 | Noticed a golden dragon
 44841 | Depths:4 | Killed a golden dragon
 44975 | Depths:4 | Found Jejiop's Weapon Shoppe.
 45025 | Depths:4 | Reached skill level 15 in Invocations
 45341 | Depths:4 | Noticed a juggernaut
 45359 | Depths:4 | Killed a juggernaut
 45375 | Depths:4 | Noticed a golden dragon
 45385 | Depths:4 | Killed a golden dragon
 45400 | Depths:4 | Found the +8 glaive of the Guard {elec, +Rage AC+5 SInv}
 45562 | Depths:4 | Found a gateway to a ziggurat.
 45847 | Depths:5 | Entered Level 5 of the Depths
 46032 | Depths:5 | Reached skill level 15 in Shields
 46765 | Depths:5 | Received a gift from Yredelemnul (a vampire)
 46772 | Depths:5 | Noticed a caustic shrike
 46775 | Depths:5 | Noticed a shard shrike
 46775 | Depths:5 | a caustic shrike changed into a shard shrike
 46779 | Depths:5 | Killed a shard shrike
 46860 | Depths:5 | Received a gift from Yredelemnul (a flayed ghost)
 47303 | Depths:5 | Found a gate to the Realm of Zot.
 47501 | Zot:1    | Entered Level 1 of the Realm of Zot
 47562 | Zot:1    | Reached XP level 21. HP: 177/214 MP: 31/31
 47795 | Zot:2    | Noticed a golden dragon
 47801 | Zot:2    | Killed a golden dragon
 47999 | Zot:2    | Received a gift from Yredelemnul (a flayed ghost)
 48358 | Zot:3    | Noticed a golden dragon
 48364 | Zot:3    | Killed a golden dragon
 48401 | Zot:5    | Entered Level 5 of the Realm of Zot
 48580 | Zot:5    | Received a gift from Yredelemnul (a bone dragon)
 48626 | Zot:5    | Noticed a Killer Klown
 48626 | Zot:5    | Noticed a Killer Klown
 48626 | Zot:5    | Noticed an orb of fire
 48626 | Zot:5    | Noticed a Killer Klown
 48626 | Zot:5    | Noticed an ancient lich
 48627 | Zot:5    | Noticed an orb of fire
 48643 | Zot:5    | Killed from afar by an ancient lich

Illustrated notes

Levels and vault maps discovered:
D:1:      heliophobic_arrival_dark_side_of_the_moon, layout_basic,
          minmay_splitting_lines
D:2:      layout_loops_corners, yredelemnul_forgotten_temple_becter,
          lemuel_doored_altar, uniq_natasha, uniq_crazy_yiuf_cottage
D:3:      lemuel_upstairs_altar, layout_rooms, chequers_jeans,
          grunt_decor_mini_mirrors, minmay_snake_closets
D:4:      layout_basic, good_gods_mini_temple, lemuel_round_altar, uniq_robin
D:5:      layout_cave_pools, uniq_sigmund, uniq_duvessa
D:6:      layout_gridville, evilmike_ruin_ashenzari,
          minmay_temple_entry_glassed_door, enter_ossuary_5
D:7:      layout_gridville, old_standard_altar, kennysheep_mini, uniq_maggie
D:8:      layout_gridville, basic_altar
D:9:      layout_loops_ring, lemuel_coloured_pillars_altar, david_lair_shrubbed,
          enter_bailey_3, minmay_crystal_room, makhleb_blood_cavern_becter
D:10:     layout_roguey
D:11:     layout_loops_cross
D:12:     layout_roguey, hiddenorc2_lemuel, uniq_erolcha
D:13:     layout_roguey, serial_shops, shop, dk_noncrumbling_3, hangedman_ranch
          [blue_anna_fruit_fields], uniq_snorg, uniq_azrael
D:14:     layout_rooms, lightli_vaults_fourway_checkpoint, grunt_decor_fettered
D:15:     gammafunk_depths_entry_grave, layout_rooms, minmay_gold_behind_fungi
Temple:   minmay_temple_forest_path
Lair:1:   layout_misc_corridors, serial_bayou_shore_a, serial_bayou_shore_b,
          uniq_gastronok
Lair:2:   layout_cellular_growth, minmay_shoals_entry_hut,
          spider_nest_entry_web_field, serial_bayou_pond_b, beast_lair_carwin_11
Lair:3:   layout_loops_ring, gammafunk_ghost_abyssal_escape,
          grunt_forest_large_clearings, infiniplex_staircase_pool_2,
          serial_bayou_shore_b, lemuel_fruit_tree, minmay_lair_oklob_chamber,
          grunt_megastairs_3
Lair:4:   layout_roguey, grunt_megastairs_2
Lair:5:   layout_regular_city, gauntlet_entry_generic, minmay_hedge_maze,
          chequers_serial_rivers_room_b, cheibrodos_lair_caveside_slide,
          st_stairs_4, chequers_serial_rivers_micro_b, serial_bayou_pond_c
Lair:6:   evilmike_catoblepas_cave, layout_small_grid,
          dpeg_slime_entry_enclosed_altar
Shoals:1: layout_shoals, serial_shops, shop
Shoals:2: layout_shoals, nicolae_shoals_seven_spires, uniq_polyphemus
Shoals:3: layout_shoals, gammafunk_ghost_necromancy, uniq_kirke
Shoals:4: shoals_end_hangedman, layout_shoals, serial_shops,
          nicolae_shop_competitors_out_of_business, shop, shop,
          nicolae_shoals_stone_sculpture_thing
Spider:1: layout_spider_delve, guppyfry_spider_mini_1, uniq_frances
Spider:2: layout_spider_delve, uniq_arachne
Spider:3: lemuel_spider_zombies
Spider:4: guppyfry_spider_rune, nicolae_orb_island
Orc:1:    layout_caves, portal_ice_cave_entry_ice_beasts, serial_shops,
          gammafunk_ghost_grave
Orc:2:    grunt_orc_cross, layout_caves, nicolae_orc_damp_corner
Vaults:1: st_lattice, nicolae_vaults_theta, hangedman_vaults_trim,
          vaults_room_hallway, ontoclasm_vaults_ligature, vaults_room_octagon,
          ontoclasm_vaults_chip, grunt_vaults_diagonal, vaults_room_semicircle,
          nicolae_vaults_little_squares_3, ontoclasm_vaults_gateway,
          layout_vaults_omnicross, portal_desolation_entry_twin_temple
Vaults:2: v_misc_8, nicolae_vaults_network_periphery,
          nicolae_vaults_big_angled_halls, vaults_dpeg_hooks,
          vaults_room_stairs_pillars, ontoclasm_vaults_hangar,
          nicolae_vaults_yaktaur_gun_rack, nicolae_vaults_little_squares_2,
          hangedman_vaults_trim, nicolae_vaults_ninety_degrees,
          vaults_mumra_hex, v_misc_5, nicolae_vaults_diagonal_hallway_8,
          nicolae_vaults_rhombus_7, layout_vaults_omnibox
Vaults:3: nicolae_vaults_ring_of_whatevers, nicolae_vaults_network_barrier,
          nicolae_vaults_little_squares_3, v_misc_13, ontoclasm_vaults_eye,
          minmay_crypt_entry_simple_box, nicolae_vaults_rhombus_5,
          vaults_room_glass_cross, serial_ice_h, layout_vaults_omnigrid,
          serial_shops, shop, uniq_jory
Vaults:4: nicolae_vaults_circle_grid_a, nicolae_vaults_network_quinsquares
          [nicolae_vaults_network_quincunx_subvault,
          nicolae_vaults_network_quincunx_subvault,
          nicolae_vaults_network_quincunx_subvault,
          nicolae_vaults_network_quincunx_subvault], hangedman_vaults_slice,
          nicolae_vaults_theta, nicolae_vaults_little_squares_6,
          hangedman_vaults_impose, nicolae_vaults_gold_heap,
          nicolae_vaults_diagonal_hallway_8, ontoclasm_vaults_misaligned,
          nicolae_vaults_diagonal_hallway_7, grunt_vaults_hallway_short,
          grunt_vaults_hallway_long, vaults_room_guarded_vault,
          layout_vaults_ring
Vaults:5
Depths:1: layout_honeycomb, hangedman_abyss_entry_splay,
          nicolae_trove_entry_diagonal, hangedman_decor_points, hell_entry,
          minivault_11, nemelex_diamond_rough_becter
Depths:2: minmay_skeletal_surprise, layout_cave_pools, hell_entry, serial_shops,
          shop, chequers_serial_rivers_small_3, infiniplex_staircase_zigzag_3,
          uniq_aizul
Depths:3: kennysheep_blocky_hall, layout_cave_shapes, tso_metal_star,
          nicolae_abyss_entry_one_way_or_another, pan_entry, pf_coc_iceberg,
          serial_shops, shop, minmay_staircase_bubble, minmay_shop_grove,
          uniq_saint_roka
Depths:4: minmay_guarded_unrand_guard, layout_cave_shapes, enter_ziggurat_d,
          serial_shops, shop, marbit_kobold_abyss_entry, grunt_mini_vestibule,
          st_stairs_7, ebering_dispersal_statue_hall,
          hangedman_abyss_or_decor_jellyfish_corner
Depths:5: grunt_bruiser_brothers, layout_basic, abyss_entry_crystal,
          minmay_fountain_box, hangedman_tar_grid_catacomb, uniq_margery
Zot:1:    layout_gridlike, st_stairs_11, grunt_megastairs_4
Zot:2:    layout_onion_interference
Zot:3:    layout_gridville
Zot:4:    layout_onion_interference
Zot:5:    layout_gridlike

Skill      XL: |  1  2  3  4  5  6  7  8  9 10 11 12 13 14 15 16 17 18 19 20 |
---------------+-------------------------------------------------------------+-----
Unarmed Combat | 3 4 5 7 9 10 11 12 13 14 16 | 16.6
Throwing       | 3 5 7 8 9 10 | 10.0
Fighting       | 3 5 6 7 9 10 11 12 13 14 | 14.5
Invocations    | 2 4 6 7 10 11 12 14 15 | 15.0
Shields        | 3 5 8 9 10 11 13 15 | 15.0
Dodging        | 5 8 10 | 10.9
Armour         | 5 8 10 | 10.9
Spellcasting   | |  1.2
Translocations | |  2.1

Action                   |  1- 3 |  4- 6 |  7- 9 | 10-12 | 13-15 | 16-18 | 19-21 || total
-------------------------+-------+-------+-------+-------+-------+-------+-------++-------
Melee: Unarmed           |    86 |   158 |   453 |   631 |   758 |   893 |   817 ||  3796
       Punch             |       |     2 |    20 |    21 |       |       |       ||    43
Throw: Stone             |       |       |       |    27 |       |       |       ||    27
Invok: Recall Undead Sla |       |       |     1 |       |    13 |     7 |     7 ||    28
       Animate Dead      |       |       |       |     1 |     6 |     7 |    28 ||    42
       Enslave Soul      |       |       |       |     1 |       |     2 |     1 ||     4
       Stop Recall       |       |       |       |       |     1 |       |       ||     1
       Drain Life        |       |       |       |       |     1 |       |       ||     1
Evoke: Wand              |       |       |       |     1 |     1 |       |     3 ||     5
  Use: Scroll            |       |       |     8 |     2 |    24 |     6 |    19 ||    59
       Potion            |       |       |       |     1 |       |       |     2 ||     3
 Stab: Sleeping          |     1 |     1 |       |       |       |       |       ||     2
       Distracted        |       |       |     1 |     7 |     7 |     9 |    32 ||    56
       Confused          |       |       |       |     2 |     1 |       |       ||     3
       Paralysed         |       |       |       |       |     7 |     6 |     2 ||    15
Armor: Robe              |    18 |    37 |    54 |       |       |       |       ||   109
       Acid dragon scale |       |       |    39 |   198 |   162 |       |       ||   399
       Swamp dragon scal |       |       |       |       |    23 |   116 |       ||   139
       Pearl dragon scal |       |       |       |       |       |    50 |       ||    50
       Gold dragon scale |       |       |       |       |       |    21 |   259 ||   280
Dodge: Dodged            |    53 |    96 |   252 |   501 |   419 |   427 |   194 ||  1942
Block: Kite shield       |       |       |       |    42 |   347 |   368 |       ||   757
       Tower shield      |       |       |       |       |       |    56 |   579 ||   635

Table legend: (Time is in decaauts)
 A = Elapsed time spent in this place.
 B = Non-inter-level travel time spent in this place.
 C = Inter-level travel time spent in this place.
 D = Time resting spent in this place.
 E = Time spent auto-exploring this place.
 F = Levels seen in this place.
 G = Mean time per level.
                   A        B        C        D        E       F      G
               +--------+--------+--------+--------+--------+-----+--------+
         Total |  48190 |  45671 |   2519 |   7719 |  28130 |  50 |  963.8 |
       Dungeon |  14649 |  13544 |   1105 |   2242 |   8531 |  15 |  976.6 |
        Temple |      1 |      1 |      0 |      0 |      0 |   1 |    1.0 |
          Lair |   6592 |   6070 |    522 |   1172 |   3999 |   6 | 1098.7 |
        Shoals |   4459 |   4313 |    146 |    897 |   2420 |   4 | 1114.8 |
   Spider Nest |   3509 |   3328 |    181 |    504 |   2170 |   4 |  877.2 |
  Orcish Mines |   1304 |   1247 |     57 |      0 |    996 |   2 |  652.0 |
        Vaults |   8152 |   7850 |    302 |   1023 |   5298 |   5 | 1630.4 |
        Depths |   6274 |   6069 |    205 |   1055 |   3830 |   5 | 1254.8 |
           Zot |   1102 |   1102 |      0 |    408 |    179 |   5 |  220.4 |
       Ossuary |    239 |    239 |      0 |      0 |    118 |   1 |  239.0 |
        Bailey |   1242 |   1242 |      0 |     78 |    441 |   1 | 1242.0 |
      Gauntlet |    662 |    662 |      0 |    340 |    145 |   1 |  662.0 |
               +--------+--------+--------+--------+--------+-----+--------+

Top non-repeatable levels by time:
Vaults:3: 1941 daAuts
Vaults:5: 1883 daAuts
    D:13: 1862 daAuts
Vaults:4: 1733 daAuts
Depths:5: 1610 daAuts
Depths:1: 1347 daAuts
Spider:4: 1346 daAuts
    D:12: 1341 daAuts
Vaults:1: 1339 daAuts
Shoals:4: 1336 daAuts
  Lair:2: 1305 daAuts
  Lair:1: 1258 daAuts
Vaults:2: 1255 daAuts
  Bailey: 1242 daAuts
Depths:3: 1207 daAuts
